 Dungeon Crawl Stone Soup version 0.27-a0-633-gc6addc0a40 (webtiles) character file.

Game seed: 7624432754209166474

273 jasper the Changer (level 6, 0/28 HPs)
             Began as a Spriggan Venom Mage on Mar 13, 2021.
             Killed from afar by an orc (3 damage)
             ... with an iceblast
             ... on level 4 of the Dungeon.
             The game lasted 00:05:01 (4697 turns).

jasper the Changer (Spriggan Venom Mage)            Turns: 4697, Time: 00:05:02

Health: 0/28       AC:  2    Str:  4    XL:     6   Next: 2%
Magic:  10/11      EV: 17    Int: 24    God:
Gold:   154        SH:  0    Dex: 16    Spells: 3/10 levels left

rFire    . . .     SeeInvis +   f - +1 club
rCold    . . .     Faith    .   (shield restricted)
rNeg     . . .     Spirit   .   a - +0 robe
rPois    .         Reflect  .   (helmet restricted)
rElec    .         Harm     .   (no cloak)
rCorr    .         Rampage  .   (gloves unavailable)
Will     +....                  (boots unavailable)
Stlth    ++........             (no amulet)
HPRegen  0.09/turn              c - +6 ring of intelligence
MPRegen  0.12/turn              (no ring)

@: very quick
A: very small, no large weapons, unfitting armour, see invisible, speed 3
a: no special abilities


You were on level 4 of the Dungeon.
You visited 1 branch of the dungeon, and saw 4 of its levels.

You collected 154 gold pieces.

Inventory:

Hand Weapons
 f - a +1 club (weapon)
Missiles
 j - 24 bolts
Armour
 a - a +0 robe (worn)
Jewellery
 c - a +6 ring of intelligence (right hand)
Scrolls
 b - 2 scrolls of enchant armour
 d - a scroll of fog
 e - a scroll of fear
 h - a scroll of teleportation
 i - a scroll of blinking
Potions
 g - a potion of cancellation {unknown}
 l - a potion of attraction


   Skills:
 - Level 2.6 Dodging
 - Level 3.0 Stealth
 - Level 2.6 Spellcasting
 * Level 1.2 Conjurations
 - Level 5.0 Transmutations
 + Level 1.0 Air Magic
 + Level 5.0 Poison Magic


You had 3 spell levels left.
You knew the following spells:

 Your Spells              Type           Power      Damage    Failure   Level
a - Sting                 Tmut/Pois      100%       1d8       1%          1
b - Ignite Poison         Fire/Tmut/Pois 19%        N/A       9%          3
c - Mephitic Cloud        Conj/Pois/Air  14%        N/A       12%         3

Your spell library contained the following spells:

 Spells                   Type           Power      Damage    Failure   Level
 Poisonous Vapours        Pois/Air       34%        N/A       4%          2
 Olgreb's Toxic Radiance  Pois           27%        N/A       14%         4


Dungeon Overview and Level Annotations

Branches:
Dungeon (4/15)
 Temple: D:4-7

Altars:
Dithmenos
Gozag
Wu Jian
The Shining One


Innate Abilities, Weirdness & Mutations

You are very small and have problems with some larger weapons.
You are too small for most types of armour.
You have supernaturally acute eyesight. (SInv)
You cover ground extremely quickly. (Speed+++)


Message History

Things that are here:
a +0 robe; a +0 dagger of draining; an orc corpse
Found an opulent altar of Gozag.
Found 14 stones.
You now have 118 gold pieces (gained 11).
Found a stone staircase leading down.
You now have 131 gold pieces (gained 13).
You now have 145 gold pieces (gained 14).
You now have 154 gold pieces (gained 9).
g - a fuming clear potion
i - a scroll of blinking You see here a +0 ring mail.
There is a stone staircase leading up here.
You see here a giant cockroach corpse.
You see here an iguana skeleton.
A leopard gecko comes into view.
A leopard gecko is nearby!
An orc comes into view.
It is wielding a +0 dagger and carrying a wand of iceblast (13).
The orc shouts!
The leopard gecko hisses angrily.
You hear a bark!
Found a stone staircase leading up.
The orc zaps a wand.
The mass of ice explodes!
The iceblast engulfs you!
You hear a shout!
Found 14 arrows.
Aiming: Sting (safe; 1% risk of failure)
Press: ? - help, Q - select action Shift-Dir - straight line, f - leopard gecko
Aim: a leopard gecko (34% to evade)
The sting hits the leopard gecko!
The leopard gecko is poisoned.
You kill the leopard gecko!
The orc zaps a wand.
The mass of ice explodes!
The iceblast engulfs you!
Ouch! That really hurt!
* * * LOW HITPOINT WARNING * * *
Your Air Magic skill increases to level 1!
Aiming: Sting (safe; 1% risk of failure)
Press: ? - help, Q - select action Shift-Dir - straight line, f - you That beam is likely to hit you.
Continue anyway?
Okay, then.
You take 26 damage, and have 2/28 hp.
MASSIVE DAMAGE!!
You now have 10/11 mp.
Okay, then.
The orc zaps a wand.
The mass of ice explodes!
The iceblast engulfs you.
You die...

#.....<)....# #_
.....#†##.#########
........÷[.)[.....#
.....#.#.#####..#.#
.....#.#........#.#
.....#.########...######
####.#..................
#.###########...####
####.# #....@....#
.....# #.##......#
###### #........<#
.....o.....#
#..(.........
#.............
...............
...............


You could see an orc.

Vanquished Creatures
  A hound (D:3)
  An iguana (D:4)
  2 orc wizards (D:4)
  4 adders
  2 white imps (D:3)
  3 oozes
  2 worms
  A dart slug (D:2)
  4 leopard geckos
  8 orcs
  5 bats
  5 giant cockroaches
  12 goblins
  5 hobgoblins
  14 jackals
  3 frilled lizards
  7 kobolds
  5 rats
84 creatures vanquished.

Vanquished Creatures (others)
  5 toadstools (D:1)
5 creatures vanquished.

Grand Total: 89 creatures vanquished

Notes
Turn   | Place    | Note
-------+----------+-------------------------------------------
     0 | D:1      | jasper the Spriggan Venom Mage began the quest for the Orb.
     0 | D:1      | Reached XP level 1. HP: 9/9 MP: 5/5
   459 | D:1      | Reached XP level 2. HP: 13/13 MP: 2/6
  1247 | D:2      | Reached XP level 3. HP: 11/16 MP: 1/8
  1251 | D:2      | Learned a level 3 spell: Ignite Poison
  1878 | D:2      | Found an ornate altar of the Wu Jian Council.
  1906 | D:2      | Reached XP level 4. HP: 3/21 MP: 0/9
  2131 | D:2      | Learned a level 3 spell: Mephitic Cloud
  2988 | D:3      | Found a faded altar of an unknown god.
  3417 | D:3      | Reached XP level 5. HP: 19/24 MP: 2/10
  3766 | D:3      | Reached skill level 5 in Transmutations
  4187 | D:4      | Found a shadowy altar of Dithmenos.
  4382 | D:4      | Reached skill level 1 in Conjurations
  4395 | D:4      | Reached skill level 5 in Poison Magic
  4395 | D:4      | Reached XP level 6. HP: 15/28 MP: 1/11
  4589 | D:4      | Found a glowing golden altar of the Shining One.
  4603 | D:4      | Found an opulent altar of Gozag.
  4697 | D:4      | Reached skill level 1 in Air Magic
  4697 | D:4      | Killed from afar by an orc

Illustrated notes

Levels and vault maps discovered:
D:1:      ldierk_walled_garden, layout_basic, grunt_decor_cap
D:2:      layout_basic, nicolae_overflow_crystal_walls
D:3:      layout_basic, chequers_ecumenical_altar_lobes, serial_park_tiny_1
D:4:      layout_basic, nicolae_overflow_hidden_temple

Skill      XL: |  1  2  3  4  5  6 |
---------------+-------------------+-----
Transmutations | 2 3 4 5 |  5.0
Poison Magic   | 4 5 |  5.0
Conjurations   | 1 |  1.2
Air Magic      | 1 |  1.0
Dodging        | |  2.6
Stealth        | |  3.0
Spellcasting   | |  2.6

Action                   |  1- 3 |  4- 6 || total
-------------------------+-------+-------++-------
Melee: Club              |    10 |    15 ||    25
 Cast: Sting             |    69 |    99 ||   168
Evoke: Wand              |       |     5 ||     5
  Use: Potion            |       |     3 ||     3
       Scroll            |       |     8 ||     8
 Stab: Sleeping          |       |     1 ||     1
Armor: Robe              |     1 |     7 ||     8
Dodge: Dodged            |    22 |    62 ||    84

Table legend: (Time is in decaauts)
 A = Elapsed time spent in this place.
 B = Non-inter-level travel time spent in this place.
 C = Inter-level travel time spent in this place.
 D = Time resting spent in this place.
 E = Time spent auto-exploring this place.
 F = Levels seen in this place.
 G = Mean time per level.
                   A        B        C        D        E       F      G
               +--------+--------+--------+--------+--------+-----+--------+
         Total |   3799 |   3747 |     52 |    405 |   2923 |   4 |  949.8 |
       Dungeon |   3799 |   3747 |     52 |    405 |   2923 |   4 |  949.8 |
               +--------+--------+--------+--------+--------+-----+--------+

Top non-repeatable levels by time:
     D:3: 1520 daAuts
     D:2: 1090 daAuts
     D:1: 849 daAuts
     D:4: 339 daAuts
